Map: Ultralove

Players

ManlyManMeat - Winner!

  • Race: Zerg Zerg
  • League: Diamond
  • Spawn Location: 1:00

VOD

Have the link to the VOD?

Description

Time

  • Played on: June 22, 2025, 5:53 p.m.
  • Length: 13:00
Show
View Real Time Build Order
Export as new Build Order

ManlyManMeat Zerg - Winner!

Build Orders:  

Get SALT Encoding   

  12  0:00  Drone  
  13  0:12  Drone  
  14  0:21  Extractor  
  14  0:22  Drone  
  15  0:30  Overlord  
  15  0:57  Drone  
  16  1:06  Hatchery  
  15  1:15  Drone  
  15  1:17  Drone  
  17  1:23  Drone  
  18  1:37  Extractor  
  17  1:45  Spawning Pool  
  16  1:51  Drone  
  16  1:55  Drone  
  18  2:05  Drone  
  19  2:17  Drone  
  20  2:51  Queen  
  20  2:52  Queen  
  20  2:58  Zergling x4  
  26  3:01  Overlord  
  26  3:10  Drone  
  27  3:24  Drone  
  28  3:41  Hatchery  
  27  3:51  Drone x3  
  27  3:54  Drone  
  31  4:02  Overlord  
  31  4:05  Metabolic Boost  
  31  4:09  Drone  
  32  4:10  Drone  
  33  4:23  Drone x2  
  35  4:40  Drone x2, Roach Warren  
  35  4:41  Drone x2, Extractor  
  37  4:51  Drone  
  37  4:54  Overlord  
  38  5:02  Queen  
  38  5:04  Overlord  
  40  5:14  Drone x3  
  43  5:28  Overlord  
  43  5:31  Drone x3  
  43  5:32  Drone x2  
  48  5:49  Drone x2  
  50  5:50  Drone x2  
  52  6:00  Queen  
  52  6:04  Lair  
  52  6:07  Roach  
  52  6:08  Roach x2  
  60  6:20  Evolution Chamber  
  60  6:29  Drone x4  
  63  6:31  Drone  
  63  6:33  Drone  
  63  6:34  Drone x3  
  68  6:47  Queen  
  68  6:49  Overlord  
  70  6:51  Overlord  
  70  6:52  Overlord  
  69  7:10  Hydralisk Den x2  
  69  7:12  Extractor  
  69  7:13  Drone, Extractor  
  69  7:14  Drone x2  
  69  7:15  Drone x2  
  69  7:16  Drone  
  69  7:17  Drone x4  
  75  7:47  Zergling x24  
  83  8:08  Queen  
  83  8:09  Queen x2  
  80  8:22  Hydralisk  
  80  8:23  Hydralisk x2  
  80  8:25  Zerg Missile Weapons Level 1  
  83  8:35  Drone  
  83  8:48  Extractor  
  83  8:49  Drone x3  
  85  8:50  Drone x3, Extractor  
  85  8:58  Hydralisk  
  85  8:59  Hydralisk x4  
  97  9:06  Hatchery  
  96  9:17  Overlord x2  
  96  9:19  Overlord  
  96  9:21  Overlord  
  96  9:27  Drone x2  
  96  9:29  Glial Reconstitution  
  98  9:30  Evolution Chamber  
  98  9:36  Unknown  
  98  9:38  Drone  
  98  9:40  Lurker Den  
  98  9:43  Drone x3  
  98  9:45  Hydralisk x2  
  104  9:57  Unknown  
  104  10:03  Unknown  
  104  10:11  Hydralisk x2  
  104  10:12  Hydralisk x7  
  122  10:46  Hydralisk  
  122  10:47  Hydralisk x4  
  122  10:48  Overlord x3  
  132  11:03  Lurker x2  
  134  11:11  Drone x2  
  134  11:13  Overlord x2  
  134  11:14  Overlord  
  134  11:19  Drone x2  
  138  11:20  Drone x5  
  138  11:21  Unknown  
  143  11:30  Extractor  
  143  11:34  Extractor  
  137  11:43  Hydralisk x9  
  149  12:02  Hydralisk x5  
  159  12:18  Hydralisk x4  
  161  12:21  Zergling x4  
  161  12:22  Zergling x2  
Tags
 
League
Diamond
Matchup
Co-op
Replay Pack
Myownreplay2
Add a new tag
Caveats
  • Supply blocks, unpowered buildings, or Contaminate may cause inaccurate times.
  • Supply counts are checked every 10 seconds.